 Dungeon Crawl Stone Soup version 0.24-a0-434-gd57e52f (webtiles) character file.

Game seed: 11733955408232388150

515 pikmin25 the Ruffian (level 7, -1/56 HPs)
             Began as a White Draconian Transmuter on June 15, 2019.
             Slain by Menkaure (10 damage)
             ... on level 5 of the Dungeon.
             The game lasted 00:16:33 (4490 turns).

pikmin25 the Ruffian (White Draconian Transmuter)   Turns: 4490, Time: 00:16:34

Health: -1/56      AC:  7    Str: 14    XL:     7   Next: 0%
Magic:  10/11      EV: 13    Int: 14    God:
Gold:   180        SH:  0    Dex: 11    Spells: 9/12 levels left

rFire    . . .     SeeInvis +     - Unarmed
rCold    + . .     Gourm    .   (no shield)
rNeg     . . .     Faith    .   (armour unavailable)
rPois    .         Spirit   .   (helmet restricted)
rElec    .         Reflect  .   m - +0 cloak
rCorr    .         Harm     .   (no gloves)
MR       .....                  (no boots)
Stlth    +.........             (no amulet)
HPRegen  0.18/turn              q - ring of see invisible
MPRegen  0.12/turn              (no ring)

@: appendage, hasted, very quick
A: breathe frost, unfitting armour, horns 2, cold resistance 1, cold-blooded, AC
+6
a: Breathe Frost, End Transformation


You were on level 5 of the Dungeon.
You were not hungry.
You had grown temporary horns.
You visited 1 branch of the dungeon, and saw 5 of its levels.

You collected 180 gold pieces.

Inventory:

Missiles
 a - 103 arrows
Armour
 f - a +0 robe
 m - a +0 cloak (worn)
Jewellery
 o - an uncursed amulet of inaccuracy
 q - a ring of see invisible (left hand)
Scrolls
 b - 2 scrolls of random uselessness
 d - a scroll of teleportation {unknown}
 h - a scroll of fear {unknown}
 k - 2 scrolls of remove curse
 p - a scroll of amnesia {unknown}
Potions
 g - a potion of magic {unknown}
 j - a potion of invisibility {unknown}
 l - a potion of mutation {unknown}
 r - a potion of flight {unknown}
Comestibles
 c - 7 rations


   Skills:
 + Level 2.8 Fighting
 + Level 3.0 Dodging
 * Level 5.3 Unarmed Combat
 + Level 3.1 Spellcasting
 * Level 4.0 Transmutations


You had 9 spell levels left.
You knew the following spells:

 Your Spells              Type           Power        Failure   Level  Hunger
a - Beastly Appendage     Tmut           ##....       4%          1    #......
b - Sticks to Snakes      Tmut           ##......     6%          2    ##.....

Your spell library contained the following spells:

 Spells                   Type           Power        Failure   Level  Hunger
 Spider Form              Tmut/Pois      #.........   26%         3    ###....
 Ice Form                 Ice/Tmut       #.......     65%         4    #####..
 Blade Hands              Tmut           ##........   73%         5    ######.


Dungeon Overview and Level Annotations

Branches:
Dungeon (5/15)
 Temple: D:4-7

Altars:

Annotations:
D:5 Menkaure


Innate Abilities, Weirdness & Mutations

You can breathe waves of freezing cold.
You can buffet flying creatures when you breathe cold.
Your icy white scales are hard. (AC +6)
You cannot fit into any form of body armour.
Your flesh is cold resistant. (rC+)
You are cold-blooded and may be slowed by cold attacks.
You have a pair of horns on your head.


Message History

You start resting.
Menkaure is too close now for your liking.
Casting: Beastly Appendage (safe; 4% risk of failure)
Confirm with . or Enter, or press ? or * to list all spells.
You grow a pair of large bovine horns.
Menkaure barely misses you.
You punch Menkaure! You headbutt Menkaure.
Menkaure is moderately damaged.
You closely miss Menkaure.
You headbutt Menkaure, but do no damage.
Menkaure is moderately damaged.
You barely miss Menkaure.
Menkaure is moderately damaged.
Menkaure hits you!
* * * LOW HITPOINT WARNING * * *
You completely miss Menkaure. You headbutt Menkaure.
Menkaure is heavily damaged.
You barely miss Menkaure.
Menkaure is heavily damaged.
Menkaure hits you!
You die...

#.#...# #.#<..#
#.######
#..>...+
###.##.#
#####...##.#...
#...†.#........
##M###M#.###..≈≈
#..@.#.?.# ≈!
####.....#
#.....# ##....#
#....# #....#
#....# #....#


You could see Menkaure.

Vanquished Creatures
  Purgy (D:4)
  2 scorpions
  2 hounds
  An orc wizard (D:3)
  A hound skeleton (D:3)
  Robin (D:2)
  A howler monkey skeleton (D:4)
  9 adders
  3 worms
  2 dart slugs (D:1)
  4 leopard geckos
  7 orcs
  3 ball pythons
  4 giant cockroaches
  13 goblins
  9 hobgoblins
  6 jackals
  2 quokkas (D:3)
  8 bats
  7 frilled lizards
  2 jackal skeletons
  7 kobolds
  5 rats
100 creatures vanquished.

Vanquished Creatures (collateral kills)
  3 orcs (D:4)
3 creatures vanquished.

Grand Total: 103 creatures vanquished

Notes
Turn   | Place    | Note
-------+----------+-------------------------------------------
     0 | D:1      | pikmin25 the Draconian Transmuter began the quest for the
                  | Orb.
     0 | D:1      | Reached XP level 1. HP: 16/16 MP: 3/3
   570 | D:1      | Reached XP level 2. HP: 22/23 MP: 3/5
  1195 | D:2      | Reached XP level 3. HP: 28/28 MP: 4/6
  1678 | D:2      | Reached skill level 4 in Unarmed Combat
  1749 | D:2      | Reached XP level 4. HP: 26/35 MP: 7/7
  2172 | D:2      | Noticed Robin
  2182 | D:2      | Killed Robin
  2553 | D:3      | Learned a level 2 spell: Sticks to Snakes
  2590 | D:3      | Reached XP level 5. HP: 38/41 MP: 8/8
  3412 | D:4      | Reached XP level 6. HP: 28/48 MP: 8/10
  3910 | D:4      | Noticed Purgy
  3925 | D:4      | Killed Purgy
  3925 | D:4      | Reached skill level 5 in Unarmed Combat
  4418 | D:5      | Entered Level 5 of the Dungeon
  4451 | D:5      | Noticed Menkaure
  4454 | D:5      | Your scales start taking on an icy white colour.
  4454 | D:5      | Reached XP level 7. HP: 26/56 MP: 11/11
  4454 | D:5      | Gained mutation: Your flesh is cold resistant. (rC+) [White
                  | Draconian growth]
  4490 | D:5      | Slain by Menkaure

Levels and vault maps discovered:
D:1:      nzn_arrival_settlement, layout_loops_ring
D:2:      layout_loops_ring, first_ration, uniq_robin
D:3:      layout_basic
D:4:      layout_loops_corners, minmay_stone_trees_small,
          minmay_misc_feat_square, uniq_purgy
D:5:      layout_basic, gammafunk_temple_overflow_statue,
          corexii_item_surrounded_by_moat, uniq_menkaure, uniq_sigmund

Skill      XL: |  1  2  3  4  5  6 |
---------------+-------------------+-----
Dodging        | 2 3 |  3.0
Unarmed Combat | 4 5 |  5.3
Fighting       | 2 |  2.8
Transmutations | 3 4 |  4.0
Spellcasting   | 3 |  3.1

Action                   |  1- 3 |  4- 6 |  7- 9 || total
-------------------------+-------+-------+-------++-------
Melee: Unarmed           |   143 |   291 |     9 ||   443
       Tailslap          |    16 |    26 |       ||    42
       Headbutt          |    10 |     8 |     3 ||    21
       Punch             |     2 |     5 |       ||     7
       Kick              |     1 |    18 |       ||    19
 Cast: Beastly Appendage |    11 |    14 |     1 ||    26
       Sticks to Snakes  |       |     5 |       ||     5
  Use: Scroll            |     1 |     1 |       ||     2
       Potion            |       |     3 |     4 ||     7
 Stab: Sleeping          |     2 |     2 |       ||     4
  Eat: Chunk             |     3 |     9 |       ||    12
Armor: Skin              |    49 |   100 |     2 ||   151
Dodge: Dodged            |   100 |   171 |     3 ||   274

Table legend:
 A = Non-vault XP
 B = Vault XP
 C = Vault XP percentage of total XP
 D = Non-vault monster count
 E = Vault monster count
 F = Vault count percentage of total count
                 A         B        C        D         E       F
            +---------+---------+-------+---------+---------+-------
      Total |     567 |     170 |  23.1 |      91 |      12 |  11.7
            +---------+---------+-------+---------+---------+-------
        D:1 |      35 |       0 |   0.0 |      21 |       0 |   0.0
        D:2 |      97 |      34 |  26.0 |      25 |      11 |  30.6
        D:3 |     203 |       0 |   0.0 |      28 |       0 |   0.0
        D:4 |     175 |     136 |  43.7 |      14 |       1 |   6.7
        D:5 |      57 |       0 |   0.0 |       3 |       0 |   0.0
            +---------+---------+-------+---------+---------+-------
